 Dungeon Crawl Stone Soup version 0.30-a0-422-g946f4849ff (webtiles) character file.

Game seed: 13836194845006269899

5067 cforsyth the Cleaver (level 10, -4/91 HPs)
             Began as a Hill Orc Monk on Dec 8, 2022.
             Was a Priest of Beogh.
             Slain by a wolf (5 damage)
             ... led by Grum
             ... on level 8 of the Dungeon on Dec 9, 2022.
             The game lasted 00:24:08 (10570 turns).

cforsyth the Cleaver (Hill Orc Monk)               Turns: 10570, Time: 00:24:09

Health: -4/91      AC: 18    Str: 23    XL:     10   Next: 56%
Magic:  14/14      EV: 12    Int: 14    God:    Beogh [***...]
Gold:   397        SH:  0    Dex: 11    Spells: 9/9 levels left

rFire   + + .      SeeInvis +    b - +3 mace "Hellblazer" {venom, rElec rF+ Int+4 SInv}
rCold   . . .      Faith    .    (no shield)
rNeg    . . .      Spirit   .    e - +5 scale mail "Jilidaut" {rF+ Str+4 Dex-2}
rPois   .          Reflect  .    (no helmet)
rElec   +          Harm     .    I - +2 cloak
rCorr   .          Rampage  .    d - +2 pair of gloves
Will    .....                    (no boots)
Stlth   ++........               (no amulet)
HPRegen 0.35/turn                (no ring)
MPRegen 0.14/turn                (no ring)

@: mighty, lethally poisoned (-4 -> -22)
A: no striking features
a: Renounce Religion, Smiting


You were on level 8 of the Dungeon.
You worshipped Beogh.
Beogh was most pleased with you.
You visited 1 branch of the dungeon, and saw 8 of its levels.
You also visited: Ossuary.

You collected 397 gold pieces.

Inventory:

Hand Weapons
 a - a +0 hand axe of flaming
 b - the +3 mace "Hellblazer" (weapon) {venom, rElec rF+ Int+4 SInv}
   (You found it on level 8 of the Dungeon)

   It poisons the flesh of those it strikes.
   Int:       It affects your intelligence (+4).
   rF:        It protects you from fire.
   rElec:     It insulates you from electricity.
   SInv:      It lets you see invisible.
 w - a +2 vampiric hand axe
Armour
 d - a +2 pair of gloves (worn)
 e - the +5 scale mail "Jilidaut" (worn) {rF+ Str+4 Dex-2}
   (You found it on level 3 of the Dungeon)

   Str:       It affects your strength (+4).
   Dex:       It affects your dexterity (-2).
   rF:        It protects you from fire.
 u - the +6 scale mail of Duck's Teeth {Will+ Int-5 Stlth+}
   (You found it in an ossuary)

   Int:       It affects your intelligence (-5).
   Will:      It increases your willpower.
   Stlth:     It makes you more stealthy.
 I - a +2 cloak (worn)
Jewellery
 g - an amulet of magic regeneration
 y - an amulet of regeneration
Wands
 m - a wand of charming (5)
 p - a wand of acid (9)
 F - a wand of roots (6)
Scrolls
 f - a scroll of immolation
 h - a scroll of blinking
 i - 2 scrolls of enchant armour
 j - 3 scrolls of fear
 k - 3 scrolls of enchant weapon
 n - a scroll of summoning
 r - 4 scrolls of teleportation
 s - a scroll of fog
Potions
 c - 4 potions of ambrosia
 l - 3 potions of mutation
 o - 4 potions of curing
 q - 2 potions of berserk rage
 v - a potion of resistance
 x - 3 potions of attraction
 z - a potion of magic
 A - a potion of lignification


   Skills:
 + Level 9.0 Fighting
 + Level 9.8 Axes
 - Level 5.0 Armour
 + Level 6.2 Dodging
 + Level 6.4 Stealth
 + Level 6.3 Invocations


You had 9 spell levels left.
You didn't know any spells.
Your spell library contained the following spells:

 Spells                   Type           Power      Damage    Failure   Level
 Summon Small Mammal      Summ           0%         N/A       56%         1
 Blink                    Tloc           0%         N/A       71%         2
 Ensorcelled Hibernation  Hex/Ice        0%         N/A       71%         2
 Momentum Strike          Conj/Tloc      0%         3d8       71%         2
 Passwall                 Tmut/Erth      0%         N/A       71%         2
 Call Canine Familiar     Summ           0%         N/A       90%         3
 Lesser Beckoning         Tloc           0%         N/A       90%         3
 Summon Guardian Golem    Hex/Summ       0%         N/A       90%         3
 Swiftness                Air            0%         N/A       90%         3
 Vhi's Electric Charge    Tloc/Air       0%         N/A       90%         3
 Arcjolt                  Conj/Air       0%         1d10      100%        5
 Maxwell's Capacitive Co  Air            0%         ∞         100%        8


Dungeon Overview and Level Annotations

Branches:
Dungeon (8/15)             Temple (0/1) D:6         Ossuary (visited)
   Lair: D:8-11

Altars:
Cheibriados
Elyvilon
Gozag
Ru
Xom

Shops:
D:7 :*(   D:8 :

Annotations:
D:8 Grum, Prince Ribbit


Message History

The wolf bites you but does no damage. Grum hits you but does no damage.
You are more poisoned.
The wolf bites you but does no damage.
Unknown command.
Unknown command.
You thump the wolf!
The wolf looks as sick as possible!
The wolf is almost dead.
You feel very sick. The wolf barely misses you.
Grum hits you from afar with a +0 spear of venom.
You are more poisoned.
The wolf bites you but does no damage.
Unknown command.
Unknown command.
You thump the wolf!
You kill the wolf!
Beogh accepts your kill.
You feel very sick.
Grum hits you from afar with a +0 spear of venom!
* * * LOW HITPOINT WARNING * * *
You are more poisoned.
The wolf barely misses you.
Unknown command.
Unknown command.
You bludgeon the wolf!!
You kill the wolf!
Beogh accepts your kill.
* * * LOW HITPOINT WARNING * * *
You feel extremely sick.
Prince Ribbit blinks!
Grum completely misses you. The wolf barely misses you.
Unknown command.
Unknown command.
Unknown command.
Unknown command.
You sock the wolf!
The wolf looks as sick as possible!
The wolf is heavily wounded.
* * * LOW HITPOINT WARNING * * *
You feel extremely sick. The wolf bites you.
You die...

.. ###.####
#......## ##
###.#..... .#
.!....#.# ..
.##.##.##.#.## .#
......††.....# .#
..#.##.###..g##.#.#
... #..5h@...#
#####.###.########
..........#
..##....## #.#...#
..##...# .
#....#######
#..........#
##....#####.#


You could see Grum, a wolf (extremely poisoned) and a white imp.

Vanquished Creatures
  Pikel (D:7)
  A kobold demonologist (D:7)
  Sigmund (D:6)
  A steam dragon (D:7)
  An acid dragon (D:8)
  Duvessa (D:7)
  A water moccasin (D:7)
  A sky beast (D:7)
  4 ice beasts
  5 ogres
  A centaur (D:7)
  3 wolves (D:8)
  2 lemures (D:7)
  2 kobold brigands (D:7)
  2 bullfrogs (D:7)
  2 necrophages
  5 scorpions
  7 water moccasin zombies (Ossuary)
  Dowan (D:7)
  9 killer bees
  An orc priest (D:7)
  3 jellies
  2 gnoll boudas
  5 hounds
  Crazy Yiuf (D:6)
  4 iguanas
  6 orc wizards
  2 mummies (Ossuary)
  16 gnolls
  6 adders
  2 shadow imps (D:7)
  4 white imps
  2 ufetubi
  9 adder zombies (Ossuary)
  2 worms (D:5)
  3 dart slugs
  18 orcs
  6 endoplasms
  3 giant cockroaches
  3 gnoll zombies (Ossuary)
  4 goblins
  3 hobgoblins
  4 jackals (D:5)
  A quokka (D:1)
  9 ball pythons
  4 bats
  2 frilled lizards (D:2)
  5 hobgoblin zombies (Ossuary)
  19 kobolds
  2 kobold zombies (Ossuary)
  4 rats
206 creatures vanquished.

Vanquished Creatures (others)
  An orc (D:4)
  A goblin (D:4)
  A fungus (D:6)
3 creatures vanquished.

Grand Total: 209 creatures vanquished

Notes
Turn   | Place    | Note
-------+----------+-------------------------------------------
     0 | D:1      | cforsyth the Hill Orc Monk began the quest for the Orb.
     0 | D:1      | Reached XP level 1. HP: 19/19 MP: 1/1
   184 | D:1      | Reached XP level 2. HP: 26/27 MP: 2/2
   757 | D:1      | Reached XP level 3. HP: 18/33 MP: 3/3
  1070 | D:2      | Reached XP level 4. HP: 31/40 MP: 4/4
  2020 | D:2      | Reached skill level 5 in Axes
  2030 | D:2      | Reached XP level 5. HP: 20/47 MP: 5/5
  2224 | D:3      | Identified the +5 scale mail "Jilidaut" {rF+ Str+4 Dex-2}
  2445 | D:3      | Found a snail-covered altar of Cheibriados.
  2988 | D:4      | Reached skill level 5 in Fighting
  2988 | D:4      | Reached XP level 6. HP: 20/56 MP: 6/6
  2991 | D:4      | HP: 2/56 [poisoned by a scorpion]
  3014 | D:5      | Entered Level 5 of the Dungeon
  3352 | D:4      | Reached XP level 7. HP: 45/61 MP: 7/7
  3355 | D:4      | Found a sand-covered staircase.
  3363 | Ossuary  | Entered an ossuary
  3736 | Ossuary  | Reached XP level 8. HP: 65/71 MP: 8/8
  3804 | Ossuary  | Identified the +6 scale mail of Duck's Teeth {Will+ Int-5
                  | Stlth+}
  3932 | D:4      | Became a worshipper of Beogh the Brigand
  3932 | D:4      | Reached * piety under Beogh
  3932 | D:4      | Reached ** piety under Beogh
  4088 | D:4      | Found a white marble altar of Elyvilon.
  4302 | D:4      | Found an opulent altar of Gozag.
  4787 | D:5      | Reached skill level 1 in Invocations
  4947 | D:5      | Reached skill level 1 in Armour
  5186 | D:5      | Found a shimmering altar of Xom.
  6370 | D:6      | Found a runed translucent door.
  6371 | D:6      | Noticed Crazy Yiuf
  6786 | D:6      | Found a staircase to the Ecumenical Temple.
  7015 | D:6      | Noticed Sigmund
  7052 | D:6      | Killed Sigmund
  7053 | D:6      | Reached skill level 5 in Dodging
  7053 | D:6      | Reached skill level 5 in Stealth
  7053 | D:6      | Reached XP level 9. HP: 49/79 MP: 11/11
  7422 | D:6      | Found a sacrificial altar of Ru.
  7629 | D:6      | Killed Crazy Yiuf
  8424 | D:7      | Noticed a kobold demonologist
  8448 | D:7      | Noticed a hellwing
  8564 | D:7      | Killed a kobold demonologist
  8708 | D:7      | Found Lavvafur's General Store.
  8854 | D:7      | Found Xupis Elape's Weapon Shop.
  8870 | D:7      | Noticed Dowan
  8871 | D:7      | Noticed Duvessa
  8925 | D:7      | Killed Dowan
  8952 | D:7      | Found Siesidew's Book Boutique.
  9189 | D:7      | Reached skill level 5 in Invocations
  9198 | D:7      | Reached XP level 10. HP: 84/89 MP: 13/13
  9348 | D:7      | Killed Duvessa
  9724 | D:7      | Noticed Pikel
  9737 | D:7      | Killed Pikel
  9805 | D:8      | Found Feroj's Book Boutique.
  9877 | D:7      | Reached *** piety under Beogh
 10043 | D:7      | Reached skill level 5 in Armour
 10528 | D:8      | Identified the +3 mace "Hellblazer" {venom, rElec rF+ Int+4
                  | SInv}
 10544 | D:8      | Identified the amulet "Nunehaf" {RegenMP Rampage rF+
                  | Stlth+}
 10544 | D:8      | Noticed Grum
 10546 | D:8      | Noticed Prince Ribbit
 10570 | D:8      | HP: 1/91 [poisoned by Grum]
 10570 | D:8      | Slain by a wolf

Illustrated notes

Levels and vault maps discovered:
D:1:      minmay_arrival_stair_chambers, layout_basic
D:2:      layout_loops_corners, kennysheep_boxes
D:3:      layout_loops_cross, cheibriados_altar_1, st_stairs_6
D:4:      layout_cave_pools, lemuel_tele_altar, nicolae_overflow_hidden_temple,
          enter_ossuary_1, guppyfry_early_orc_mine
D:5:      layout_basic, xom_butterflies
D:6:      layout_rooms, lemuel_doored_altar,
          minmay_temple_entry_drinking_statues, uniq_crazy_yiuf_cottage,
          uniq_sigmund
D:7:      layout_cave_pods, serial_shops, nicolae_shop_stone, shop,
          nicolae_shop_bloodbath_and_beyond, uniq_pikel, uniq_duvessa
D:8:      layout_loops_cross, nicolae_uskayaw_dance_hall, serial_shops,
          nicolae_shop_competitors_out_of_business, minmay_pinched_square,
          uniq_grum, uniq_maggie, uniq_prince_ribbit1

Skill      XL: |  1  2  3  4  5  6  7  8  9 10 |
---------------+-------------------------------+-----
Fighting       | 4 5 6 7 8 9 |  9.0
Stealth        | 2 3 4 5 6 |  6.4
Dodging        | 3 4 5 6 |  6.2
Axes           | 5 6 8 9 |  9.8
Invocations    | 3 5 6 |  6.3
Armour         | 2 4 5 |  5.0

Action                   |  1- 3 |  4- 6 |  7- 9 | 10-12 || total
-------------------------+-------+-------+-------+-------++-------
Melee: Hand axe          |    89 |   220 |   806 |   127 ||  1242
       Punch             |     1 |     1 |    10 |     1 ||    13
       Mace              |       |       |       |    26 ||    26
Invok: Convert to Beogh  |       |       |     1 |       ||     1
Evoke: Wand              |       |       |       |     3 ||     3
  Use: Potion            |       |     3 |       |     3 ||     6
       Scroll            |       |       |    20 |     2 ||    22
 Stab: Sleeping          |     2 |     3 |     2 |       ||     7
Armor: Robe              |    17 |    21 |       |       ||    38
       Skin              |       |    30 |       |       ||    30
       Scale mail        |       |    78 |   356 |   115 ||   549
Dodge: Dodged            |    58 |   124 |   377 |   121 ||   680

Table legend: (Time is in decaauts)
 A = Elapsed time spent in this place.
 B = Non-inter-level travel time spent in this place.
 C = Inter-level travel time spent in this place.
 D = Time resting spent in this place.
 E = Time spent auto-exploring this place.
 F = Levels seen in this place.
 G = Mean time per level.
                   A        B        C        D        E       F      G
               +--------+--------+--------+--------+--------+-----+--------+
         Total |  10541 |  10051 |    490 |   1671 |   6000 |   9 | 1171.2 |
       Dungeon |  10074 |   9584 |    490 |   1671 |   5790 |   8 | 1259.2 |
       Ossuary |    466 |    466 |      0 |      0 |    210 |   1 |  466.0 |
               +--------+--------+--------+--------+--------+-----+--------+

Top non-repeatable levels by time:
     D:5: 2292 daAuts
     D:6: 2025 daAuts
     D:7: 1710 daAuts
     D:2: 1180 daAuts
     D:1: 1089 daAuts
     D:4: 852 daAuts
     D:3: 734 daAuts
 Ossuary: 466 daAuts
     D:8: 189 daAuts
